[ AOE2 MATCH · #461516503 ]
UnrankedEthiopians vs Franks
[ REPLAY ANALYSIS · EXTRACTED FROM THE RECORDED GAME ]
Feudal
9:49
Castle
24:48
Imperial
—
| APM avg | 42.4 |
| APM peak | 85 |
| eAPM avg | 19.3 |
| Villagers / military | 81 / 67 |
Focus
⚔️ 39.1% · 🌾 60.9%
Archer ×58 · Militia ×7 · Spearman ×2
Feudal
8:56
Castle
20:35
Imperial
—
| APM avg | 42.7 |
| APM peak | 81 |
| eAPM avg | 17.1 |
| Villagers / military | 58 / 49 |
Focus
⚔️ 19.0% · 🌾 81.0%
Knight ×34 · Scout Cavalry ×15
Feudal
9:05
Castle
23:15
Imperial
—
| APM avg | 44.2 |
| APM peak | 78 |
| eAPM avg | 21.7 |
| Villagers / military | 65 / 33 |
Focus
⚔️ 26.8% · 🌾 73.2%
Knight ×14 · Scout Cavalry ×11 · Mangonel ×6 · Scorpion ×1 · Spearman ×1
Feudal
12:00
Castle
25:13
Imperial
—
| APM avg | 29.2 |
| APM peak | 76 |
| eAPM avg | 13.3 |
| Villagers / military | 62 / 43 |
Focus
⚔️ 25.4% · 🌾 74.6%
Archer ×39 · Skirmisher ×4
Feudal
9:37
Castle
24:05
Imperial
—
| APM avg | 70.1 |
| APM peak | 132 |
| eAPM avg | 26.8 |
| Villagers / military | 105 / 106 |
Focus
⚔️ 41.0% · 🌾 59.0%
Archer ×106
Feudal
9:46
Castle
24:02
Imperial
—
| APM avg | 45.1 |
| APM peak | 90 |
| eAPM avg | 19.6 |
| Villagers / military | 41 / 59 |
Focus
⚔️ 31.0% · 🌾 69.0%
Camel Scout ×38 · Scout Cavalry ×15 · Spearman ×6
Match map
Initial resources + every placement click. Lines = walls · curves = elevation contours. ◆ gold · ⬟ stone · ● berries · ✦ relic · ◌ wall gap
Your base· ✓ Closed at 24:48 · 52t walls · 1 gate(s)
VNS_Duy's base· ✓ Closed at 20:35 · 36t walls · 1 gate(s)
cff's base· Open — 6t gap
Louisianamal's base· Open — unwalled flank
Solusvod's base· ✓ Closed at 24:05 · 50t walls · no gate
King Destroyer's base· ✓ Closed at 24:02 · 29t walls · 1 gate(s)
Smoothed initial terrain · ◌ = detected wall gap · hover for details
Inputs per minute
— SunK - - VNS_Duy
Build order — SunK
First 150 of 242 actions detected
| 0:01 | Create | Villager (Male) |
| 0:01 | Create | Villager (Male) |
| 0:01 | Create | Villager (Male) |
| 0:01 | Create | Villager (Male) |
| 0:01 | Create | Villager (Male) |
| 0:02 | Build | House |
| 0:04 | Build | House |
| 1:35 | Create | Villager (Male) |
| 1:35 | Create | Villager (Male) |
| 1:35 | Create | Villager (Male) |
| 1:35 | Create | Villager (Male) |
| 1:45 | Build | Lumber Camp |
| 2:01 | Create | Villager (Male) |
| 2:01 | Create | Villager (Male) |
| 2:01 | Create | Villager (Male) |
| 2:01 | Create | Villager (Male) |
| 2:16 | Create | Villager (Male) |
| 2:16 | Create | Villager (Male) |
| 2:16 | Create | Villager (Male) |
| 2:16 | Create | Villager (Male) |
| 2:16 | Create | Villager (Male) |
| 2:44 | Create | Villager (Male) |
| 2:44 | Create | Villager (Male) |
| 2:45 | Create | Villager (Male) |
| 2:45 | Create | Villager (Male) |
| 3:06 | Create | Villager (Male) |
| 3:06 | Create | Villager (Male) |
| 3:06 | Create | Villager (Male) |
| 3:34 | Create | Villager (Male) |
| 3:34 | Create | Villager (Male) |
| 3:34 | Create | Villager (Male) |
| 3:34 | Create | Villager (Male) |
| 3:51 | Build | House |
| 4:00 | Create | Villager (Male) |
| 4:00 | Create | Villager (Male) |
| 4:00 | Create | Villager (Male) |
| 4:00 | Create | Villager (Male) |
| 4:15 | Build | Mill |
| 4:27 | Create | Villager (Male) |
| 4:27 | Create | Villager (Male) |
| 4:27 | Create | Villager (Male) |
| 4:27 | Create | Villager (Male) |
| 4:27 | Create | Villager (Male) |
| 4:50 | Create | Villager (Male) |
| 4:50 | Create | Villager (Male) |
| 4:50 | Create | Villager (Male) |
| 4:50 | Create | Villager (Male) |
| 5:11 | Create | Villager (Male) |
| 5:11 | Create | Villager (Male) |
| 5:11 | Create | Villager (Male) |
| 6:01 | Build | House |
| 6:07 | Create | Villager (Male) |
| 6:36 | Build | Barracks |
| 6:39 | Create | Villager (Male) |
| 6:56 | Research | Loom |
| 6:56 | Research | Loom |
| 7:39 | Research | Feudal Age |
| 8:00 | Create | Militia |
| 8:00 | Create | Militia |
| 8:00 | Create | Militia |
| 8:15 | Create | Militia |
| 8:15 | Create | Militia |
| 8:15 | Create | Militia |
| 8:34 | Build | House |
| 8:48 | Create | Militia |
| 9:06 | Create | Villager (Male) |
| 9:49 | Age | Feudal Age |
| 9:52 | Research | Man-at-Arms (upgrade) |
| 9:52 | Research | Man-at-Arms (upgrade) |
| 9:59 | Build | Archery Range |
| 10:01 | Research | Double-Bit Axe |
| 10:02 | Research | Double-Bit Axe |
| 10:05 | Build | Farm |
| 10:07 | Build | Farm |
| 10:10 | Build | Farm |
| 10:13 | Build | Farm |
| 10:15 | Create | Villager (Male) |
| 10:23 | Create | Villager (Male) |
| 11:04 | Create | Villager (Male) |
| 11:05 | Create | Archer |
| 11:05 | Create | Archer |
| 11:08 | Build | Blacksmith |
| 11:11 | Build | House |
| 11:18 | Create | Spearman |
| 11:24 | Create | Villager (Male) |
| 11:26 | Build | Mining Camp |
| 11:35 | Build | House |
| 12:18 | Create | Archer |
| 12:40 | Create | Villager (Male) |
| 12:44 | Build | House |
| 12:57 | Build | Archery Range |
| 12:58 | Research | Fletching |
| 12:58 | Research | Fletching |
| 13:01 | Build | Palisade Wall |
| 13:04 | Create | Villager (Male) |
| 13:14 | Create | Spearman |
| 13:19 | Build | Palisade Wall |
| 13:21 | Build | Palisade Wall |
| 13:28 | Build | House |
| 13:30 | Build | House |
| 13:32 | Build | Palisade Wall |
| 13:39 | Build | House |
| 13:44 | Build | Palisade Wall |
| 13:46 | Build | Palisade Wall |
| 13:51 | Build | Palisade Wall |
| 13:52 | Build | Palisade Wall |
| 13:54 | Build | Palisade Wall |
| 13:56 | Build | Palisade Wall |
| 14:00 | Create | Archer |
| 14:00 | Create | Archer |
| 14:08 | Create | Villager (Male) |
| 14:08 | Create | Villager (Male) |
| 14:12 | Build | Palisade Wall |
| 14:36 | Build | Palisade Wall |
| 14:44 | Build | Farm |
| 14:46 | Build | Farm |
| 14:47 | Create | Villager (Male) |
| 14:48 | Create | Archer |
| 14:49 | Create | Archer |
| 14:54 | Create | Villager (Male) |
| 15:14 | Build | Palisade Wall |
| 15:16 | Build | Palisade Wall |
| 15:23 | Build | Palisade Wall |
| 15:24 | Create | Villager (Male) |
| 15:25 | Create | Archer |
| 15:25 | Create | Archer |
| 15:25 | Create | Archer |
| 15:34 | Build | Farm |
| 15:48 | Create | Archer |
| 15:48 | Create | Archer |
| 15:48 | Create | Archer |
| 15:57 | Build | Palisade Wall |
| 16:20 | Create | Villager (Male) |
| 16:20 | Create | Villager (Male) |
| 16:28 | Build | House |
| 16:33 | Build | House |
| 16:44 | Create | Archer |
| 16:44 | Create | Archer |
| 17:10 | Create | Villager (Male) |
| 17:11 | Create | Villager (Male) |
| 17:42 | Build | Farm |
| 17:43 | Build | Farm |
| 17:46 | Create | Villager (Male) |
| 17:50 | Build | Farm |
| 17:54 | Build | Farm |
| 17:54 | Build | Farm |
| 17:56 | Build | Farm |
| 17:57 | Create | Archer |
| 17:57 | Create | Archer |
| 17:57 | Create | Archer |
Build order — VNS_Duy
First 150 of 184 actions detected
| 0:01 | Create | Villager (Male) |
| 0:01 | Create | Villager (Male) |
| 0:02 | Create | Villager (Male) |
| 0:02 | Create | Villager (Male) |
| 0:03 | Build | House |
| 0:05 | Build | House |
| 1:26 | Create | Villager (Male) |
| 1:52 | Build | Lumber Camp |
| 2:08 | Create | Villager (Male) |
| 2:15 | Create | Villager (Male) |
| 2:49 | Create | Villager (Male) |
| 2:49 | Create | Villager (Male) |
| 3:01 | Build | House |
| 3:06 | Create | Villager (Male) |
| 3:06 | Create | Villager (Male) |
| 3:40 | Create | Villager (Male) |
| 3:56 | Create | Villager (Male) |
| 3:56 | Create | Villager (Male) |
| 4:41 | Create | Villager (Male) |
| 4:42 | Create | Villager (Male) |
| 4:45 | Create | Villager (Male) |
| 4:45 | Create | Villager (Male) |
| 5:10 | Build | Mill |
| 5:11 | Create | Villager (Male) |
| 5:12 | Create | Villager (Male) |
| 5:31 | Research | Loom |
| 6:32 | Build | House |
| 6:45 | Research | Feudal Age |
| 7:57 | Build | Barracks |
| 8:56 | Age | Feudal Age |
| 9:03 | Build | Stable |
| 9:03 | Create | Villager (Male) |
| 9:04 | Create | Villager (Male) |
| 9:05 | Research | Double-Bit Axe |
| 9:05 | Research | Double-Bit Axe |
| 9:33 | Create | Villager (Male) |
| 9:44 | Build | Mill |
| 9:50 | Create | Villager (Male) |
| 10:00 | Create | Scout Cavalry |
| 10:04 | Build | House |
| 10:10 | Create | Scout Cavalry |
| 10:36 | Build | Farm |
| 10:40 | Build | Farm |
| 10:42 | Build | Farm |
| 10:43 | Build | Farm |
| 10:58 | Create | Villager (Male) |
| 11:22 | Create | Scout Cavalry |
| 11:23 | Create | Scout Cavalry |
| 11:27 | Build | Farm |
| 11:28 | Create | Villager (Male) |
| 11:28 | Create | Villager (Male) |
| 11:28 | Create | Villager (Male) |
| 11:42 | Build | House |
| 11:47 | Build | Palisade Wall |
| 11:53 | Build | Palisade Wall |
| 12:02 | Create | Villager (Male) |
| 12:03 | Build | Farm |
| 12:04 | Build | Farm |
| 12:07 | Create | Scout Cavalry |
| 12:20 | Create | Scout Cavalry |
| 12:20 | Create | Scout Cavalry |
| 12:37 | Create | Villager (Male) |
| 12:57 | Build | Farm |
| 12:58 | Build | Farm |
| 12:59 | Build | Farm |
| 13:00 | Create | Villager (Male) |
| 13:42 | Create | Villager (Male) |
| 13:42 | Create | Villager (Male) |
| 13:44 | Build | Farm |
| 13:46 | Create | Scout Cavalry |
| 13:46 | Create | Scout Cavalry |
| 13:51 | Build | House |
| 13:52 | Build | House |
| 13:55 | Build | House |
| 13:56 | Build | House |
| 14:03 | Build | House |
| 14:45 | Create | Villager (Male) |
| 14:47 | Build | Farm |
| 14:53 | Build | House |
| 14:57 | Build | Palisade Wall |
| 15:01 | Build | Mining Camp |
| 15:07 | Build | Palisade Wall |
| 15:11 | Build | Palisade Wall |
| 15:14 | Build | Palisade Wall |
| 15:18 | Build | House |
| 15:26 | Create | Villager (Male) |
| 15:27 | Create | Villager (Male) |
| 16:07 | Build | Blacksmith |
| 16:10 | Create | Villager (Male) |
| 16:58 | Build | House |
| 17:55 | Research | Castle Age |
| 17:59 | Build | Stable |
| 18:06 | Create | Scout Cavalry |
| 18:06 | Create | Scout Cavalry |
| 18:14 | Research | Scale Barding Armor |
| 18:16 | Create | Scout Cavalry |
| 18:51 | Research | Forging |
| 18:52 | Research | Forging |
| 18:53 | Create | Scout Cavalry |
| 18:53 | Create | Scout Cavalry |
| 18:59 | Build | House |
| 19:17 | Create | Scout Cavalry |
| 19:43 | Build | Palisade Wall |
| 19:48 | Build | Palisade Gate |
| 19:49 | Build | House |
| 19:54 | Build | Farm |
| 19:57 | Build | House |
| 20:02 | Build | House |
| 20:07 | Build | House |
| 20:12 | Build | House |
| 20:24 | Research | Gold Mining |
| 20:35 | Age | Castle Age |
| 20:39 | Research | Light Cavalry (upgrade) |
| 20:40 | Research | Light Cavalry (upgrade) |
| 20:54 | Research | Chain Barding Armor |
| 20:54 | Research | Chain Barding Armor |
| 20:56 | Create | Villager (Male) |
| 21:08 | Build | Town Center |
| 21:09 | Create | Villager (Male) |
| 21:32 | Build | House |
| 21:35 | Create | Knight ×2 |
| 21:35 | Create | Knight ×2 |
| 21:51 | Create | Knight |
| 22:33 | Research | Bow Saw |
| 22:35 | Create | Villager (Male) |
| 22:56 | Create | Knight |
| 22:56 | Create | Knight |
| 22:57 | Create | Knight |
| 23:12 | Create | Villager (Male) |
| 23:20 | Build | Farm |
| 23:21 | Build | Farm |
| 23:34 | Create | Villager (Male) |
| 23:35 | Create | Villager (Male) |
| 23:46 | Create | Villager (Male) |
| 24:05 | Create | Knight |
| 24:20 | Build | Farm |
| 24:56 | Create | Knight ×4 |
| 25:01 | Build | Farm |
| 25:06 | Build | Farm |
| 25:06 | Build | Farm |
| 25:07 | Create | Villager (Male) |
| 25:57 | Create | Knight ×4 |
| 26:00 | Create | Villager (Male) |
| 26:03 | Create | Villager (Male) |
| 26:08 | Build | Stable |
| 26:09 | Build | Stable |
| 26:12 | Create | Villager (Male) |
| 26:19 | Build | House |
| 26:24 | Build | Farm |
| 26:30 | Build | Stable |
Build order — cff
First 150 of 185 actions detected
| 0:00 | Create | Villager (Male) |
| 0:01 | Create | Villager (Male) |
| 0:01 | Create | Villager (Male) |
| 0:03 | Build | House |
| 0:05 | Build | House |
| 0:07 | Create | Villager (Male) |
| 0:07 | Create | Villager (Male) |
| 1:23 | Create | Villager (Male) |
| 2:00 | Create | Villager (Male) |
| 2:00 | Create | Villager (Male) |
| 2:09 | Build | Lumber Camp |
| 2:15 | Create | Villager (Male) |
| 2:16 | Create | Villager (Male) |
| 2:46 | Create | Villager (Male) |
| 2:47 | Create | Villager (Male) |
| 3:16 | Create | Villager (Male) |
| 3:16 | Create | Villager (Male) |
| 3:40 | Create | Villager (Male) |
| 3:40 | Create | Villager (Male) |
| 3:51 | Build | House |
| 3:52 | Build | House |
| 4:09 | Create | Villager (Male) |
| 4:12 | Create | Villager (Male) |
| 4:13 | Create | Villager (Male) |
| 5:00 | Create | Villager (Male) |
| 5:00 | Create | Villager (Male) |
| 5:37 | Create | Villager (Male) |
| 5:38 | Create | Villager (Male) |
| 6:01 | Build | Mill |
| 6:07 | Research | Loom |
| 6:07 | Research | Loom |
| 6:12 | Build | House |
| 6:55 | Research | Feudal Age |
| 6:55 | Research | Feudal Age |
| 7:21 | Build | Mill |
| 8:12 | Build | Palisade Wall |
| 8:23 | Build | Palisade Wall |
| 8:46 | Build | Barracks |
| 9:05 | Age | Feudal Age |
| 9:06 | Build | Palisade Wall |
| 9:07 | Build | Palisade Wall |
| 9:10 | Create | Villager (Male) |
| 9:11 | Create | Villager (Male) |
| 9:35 | Build | Stable |
| 9:40 | Create | Villager (Male) |
| 9:52 | Create | Villager (Male) |
| 9:52 | Create | Villager (Male) |
| 10:00 | Create | Scout Cavalry |
| 10:00 | Create | Scout Cavalry |
| 10:29 | Build | House |
| 10:33 | Build | Palisade Wall |
| 10:35 | Create | Villager (Male) |
| 10:36 | Create | Villager (Male) |
| 11:06 | Create | Villager (Male) |
| 11:06 | Create | Villager (Male) |
| 11:13 | Build | House |
| 11:14 | Build | House |
| 11:16 | Build | House |
| 11:24 | Create | Scout Cavalry |
| 11:24 | Create | Scout Cavalry |
| 11:42 | Build | House |
| 12:10 | Create | Villager (Male) |
| 12:10 | Create | Villager (Male) |
| 12:11 | Build | Farm |
| 12:12 | Build | Farm |
| 12:42 | Create | Scout Cavalry |
| 12:42 | Create | Scout Cavalry |
| 12:46 | Build | Farm |
| 12:47 | Build | Farm |
| 13:00 | Create | Villager (Male) |
| 13:00 | Create | Villager (Male) |
| 13:17 | Build | Palisade Wall |
| 13:22 | Build | Farm |
| 13:24 | Build | Farm |
| 13:29 | Create | Villager (Male) |
| 13:32 | Create | Scout Cavalry |
| 13:32 | Create | Scout Cavalry |
| 13:53 | Build | Farm |
| 13:56 | Create | Villager (Male) |
| 14:22 | Create | Villager (Male) |
| 14:22 | Create | Villager (Male) |
| 14:23 | Build | Farm |
| 14:44 | Create | Scout Cavalry |
| 14:47 | Build | Farm |
| 14:48 | Create | Villager (Male) |
| 14:52 | Build | Mining Camp |
| 15:08 | Create | Scout Cavalry |
| 15:17 | Build | Farm |
| 15:40 | Create | Villager (Male) |
| 15:41 | Create | Villager (Male) |
| 15:41 | Create | Villager (Male) |
| 15:41 | Create | Villager (Male) |
| 15:46 | Build | Stone Wall |
| 16:31 | Build | Archery Range |
| 16:45 | Build | House |
| 16:45 | Build | House |
| 16:48 | Create | Villager (Male) |
| 16:53 | Build | Watch Tower |
| 16:58 | Create | Spearman |
| 17:30 | Build | Blacksmith |
| 17:37 | Create | Scout Cavalry |
| 17:38 | Create | Villager (Male) |
| 17:39 | Create | Villager (Male) |
| 17:42 | Build | Farm |
| 17:43 | Build | Farm |
| 17:57 | Build | House |
| 17:58 | Build | House |
| 18:27 | Create | Villager (Male) |
| 18:30 | Create | Villager (Male) |
| 18:42 | Research | Scale Barding Armor |
| 18:42 | Research | Scale Barding Armor |
| 18:59 | Build | House |
| 19:02 | Build | House |
| 19:04 | Build | House |
| 19:42 | Build | House |
| 19:43 | Build | House |
| 20:14 | Build | Market |
| 20:35 | Research | Castle Age |
| 20:36 | Research | Castle Age |
| 21:17 | Research | Double-Bit Axe |
| 21:17 | Research | Double-Bit Axe |
| 22:36 | Research | Bow Saw |
| 22:36 | Research | Bow Saw |
| 22:39 | Research | Horse Collar |
| 22:39 | Research | Horse Collar |
| 23:15 | Age | Castle Age |
| 23:19 | Build | Town Center |
| 23:26 | Build | Siege Workshop |
| 23:32 | Create | Villager (Male) |
| 23:33 | Research | Wheelbarrow |
| 23:33 | Research | Wheelbarrow |
| 23:50 | Build | Town Center |
| 24:18 | Create | Villager (Male) |
| 24:18 | Create | Villager (Male) |
| 24:52 | Create | Scorpion |
| 25:09 | Research | Cavalier (upgrade) |
| 25:11 | Create | Knight |
| 25:27 | Build | Stable |
| 25:44 | Create | Mangonel |
| 25:44 | Create | Mangonel |
| 25:57 | Build | Farm |
| 25:58 | Build | Farm |
| 26:03 | Research | Forging |
| 26:04 | Research | Forging |
| 26:16 | Build | House |
| 26:20 | Research | Town Watch |
| 26:20 | Research | Town Watch |
| 26:25 | Create | Knight |
| 26:33 | Build | Farm |
| 26:34 | Build | Farm |
Build order — Louisianamal
First 150 of 169 actions detected
| 0:01 | Create | Villager (Male) |
| 0:01 | Create | Villager (Male) |
| 0:01 | Create | Villager (Male) |
| 0:02 | Build | House |
| 0:03 | Build | House |
| 0:20 | Create | Villager (Male) |
| 0:20 | Create | Villager (Male) |
| 0:20 | Create | Villager (Male) |
| 1:27 | Create | Villager (Male) |
| 1:27 | Create | Villager (Male) |
| 1:27 | Create | Villager (Male) |
| 1:50 | Build | Lumber Camp |
| 2:01 | Create | Villager (Male) |
| 2:01 | Create | Villager (Male) |
| 2:15 | Create | Villager (Male) |
| 2:15 | Create | Villager (Male) |
| 2:49 | Create | Villager (Male) |
| 2:50 | Create | Villager (Male) |
| 3:11 | Create | Villager (Male) |
| 3:11 | Create | Villager (Male) |
| 3:11 | Create | Villager (Male) |
| 3:45 | Create | Villager (Male) |
| 3:45 | Create | Villager (Male) |
| 3:46 | Create | Villager (Male) |
| 3:51 | Build | House |
| 3:52 | Build | House |
| 4:04 | Create | Villager (Male) |
| 4:14 | Build | Mill |
| 4:28 | Build | Palisade Wall |
| 4:33 | Create | Villager (Male) |
| 4:33 | Create | Villager (Male) |
| 4:34 | Create | Villager (Male) |
| 5:06 | Create | Villager (Male) |
| 5:06 | Create | Villager (Male) |
| 5:06 | Create | Villager (Male) |
| 5:55 | Create | Villager (Male) |
| 5:56 | Create | Villager (Male) |
| 6:03 | Build | Barracks |
| 6:54 | Build | Mill |
| 7:04 | Create | Villager (Male) |
| 7:04 | Create | Villager (Male) |
| 7:05 | Create | Villager (Male) |
| 7:07 | Build | Farm |
| 7:20 | Build | Farm |
| 7:33 | Build | Farm |
| 7:51 | Build | Farm |
| 8:04 | Build | Farm |
| 8:13 | Build | House |
| 8:14 | Build | House |
| 8:15 | Build | House |
| 8:18 | Build | Palisade Wall |
| 8:21 | Create | Villager (Male) |
| 8:21 | Create | Villager (Male) |
| 8:21 | Create | Villager (Male) |
| 8:21 | Create | Villager (Male) |
| 8:48 | Build | Farm |
| 9:07 | Build | House |
| 9:13 | Build | House |
| 9:25 | Research | Loom |
| 9:27 | Build | Farm |
| 9:44 | Research | Feudal Age |
| 11:11 | Build | Mining Camp |
| 11:27 | Build | House |
| 11:35 | Build | House |
| 12:00 | Age | Feudal Age |
| 12:03 | Build | Archery Range |
| 12:05 | Build | Archery Range |
| 12:12 | Research | Double-Bit Axe |
| 12:15 | Create | Villager (Male) |
| 12:15 | Create | Villager (Male) |
| 12:42 | Build | Blacksmith |
| 13:04 | Create | Villager (Male) |
| 13:04 | Create | Villager (Male) |
| 13:04 | Create | Villager (Male) |
| 13:10 | Create | Archer |
| 13:10 | Create | Archer |
| 13:10 | Create | Archer |
| 13:11 | Create | Archer |
| 13:11 | Create | Archer |
| 13:11 | Create | Archer |
| 13:36 | Create | Skirmisher |
| 13:36 | Create | Skirmisher |
| 13:36 | Create | Skirmisher |
| 13:36 | Create | Skirmisher |
| 13:51 | Build | Lumber Camp |
| 14:16 | Create | Villager (Male) |
| 14:17 | Create | Villager (Male) |
| 14:17 | Create | Villager (Male) |
| 14:24 | Create | Archer |
| 14:24 | Create | Archer |
| 14:24 | Create | Archer |
| 14:56 | Create | Villager (Male) |
| 14:56 | Create | Villager (Male) |
| 14:56 | Create | Villager (Male) |
| 15:12 | Create | Archer |
| 15:13 | Create | Archer |
| 15:13 | Create | Archer |
| 15:40 | Create | Archer |
| 15:40 | Create | Archer |
| 15:41 | Create | Archer |
| 16:02 | Create | Archer |
| 16:03 | Create | Archer |
| 16:03 | Create | Archer |
| 16:08 | Build | House |
| 16:25 | Research | Fletching |
| 16:33 | Build | House |
| 16:35 | Build | House |
| 16:36 | Build | House |
| 16:51 | Build | Farm |
| 17:22 | Build | House |
| 18:11 | Create | Archer |
| 18:11 | Create | Archer |
| 18:11 | Create | Archer |
| 18:37 | Create | Villager (Male) |
| 18:37 | Create | Villager (Male) |
| 18:37 | Create | Villager (Male) |
| 19:07 | Create | Archer |
| 19:08 | Create | Archer |
| 19:23 | Create | Villager (Male) |
| 19:23 | Create | Villager (Male) |
| 19:36 | Build | Farm |
| 19:49 | Build | Palisade Wall |
| 19:54 | Create | Archer |
| 19:55 | Create | Archer |
| 20:37 | Create | Villager (Male) |
| 20:37 | Create | Villager (Male) |
| 20:37 | Create | Villager (Male) |
| 20:37 | Create | Villager (Male) |
| 20:52 | Research | Horse Collar |
| 20:58 | Research | Gold Mining |
| 21:01 | Build | Market |
| 21:41 | Build | House |
| 21:45 | Build | House |
| 21:48 | Build | House |
| 21:53 | Build | House |
| 21:55 | Build | House |
| 22:33 | Research | Castle Age |
| 22:49 | Create | Archer |
| 22:50 | Create | Archer |
| 22:56 | Research | Padded Archer Armor |
| 23:26 | Research | Wheelbarrow |
| 23:47 | Build | House |
| 23:51 | Build | House |
| 23:54 | Build | House |
| 25:13 | Age | Castle Age |
| 25:15 | Research | Bodkin Arrow |
| 25:17 | Research | Crossbowman (upgrade) |
| 25:59 | Create | Archer |
| 25:59 | Create | Archer |
| 25:59 | Create | Archer |
Build order — Solusvod
First 150 of 292 actions detected
| 0:01 | Create | Villager (Male) |
| 0:01 | Create | Villager (Male) |
| 0:02 | Create | Villager (Male) |
| 0:03 | Build | House |
| 0:04 | Build | House |
| 0:24 | Create | Villager (Male) |
| 0:24 | Create | Villager (Male) |
| 0:24 | Create | Villager (Male) |
| 1:39 | Create | Villager (Male) |
| 1:39 | Create | Villager (Male) |
| 1:39 | Create | Villager (Male) |
| 1:47 | Build | Lumber Camp |
| 2:01 | Create | Villager (Male) |
| 2:01 | Create | Villager (Male) |
| 2:01 | Create | Villager (Male) |
| 2:25 | Create | Villager (Male) |
| 2:25 | Create | Villager (Male) |
| 3:04 | Create | Villager (Male) |
| 3:04 | Create | Villager (Male) |
| 3:19 | Create | Villager (Male) |
| 3:19 | Create | Villager (Male) |
| 3:20 | Create | Villager (Male) |
| 3:34 | Build | House |
| 3:49 | Create | Villager (Male) |
| 4:09 | Create | Villager (Male) |
| 4:09 | Create | Villager (Male) |
| 4:09 | Create | Villager (Male) |
| 4:32 | Create | Villager (Male) |
| 4:32 | Create | Villager (Male) |
| 4:32 | Create | Villager (Male) |
| 4:37 | Create | Villager (Male) |
| 4:37 | Create | Villager (Male) |
| 4:47 | Create | Villager (Male) |
| 4:47 | Create | Villager (Male) |
| 4:47 | Create | Villager (Male) |
| 5:10 | Create | Villager (Male) |
| 5:10 | Create | Villager (Male) |
| 5:21 | Create | Villager (Male) |
| 5:21 | Create | Villager (Male) |
| 5:22 | Create | Villager (Male) |
| 5:45 | Build | Mining Camp |
| 5:58 | Create | Villager (Male) |
| 5:58 | Create | Villager (Male) |
| 5:58 | Create | Villager (Male) |
| 6:16 | Create | Villager (Male) |
| 6:16 | Create | Villager (Male) |
| 6:20 | Research | Loom |
| 6:31 | Create | Villager (Male) |
| 6:54 | Create | Villager (Male) |
| 7:27 | Research | Feudal Age |
| 7:43 | Build | Barracks |
| 8:03 | Build | House |
| 9:37 | Age | Feudal Age |
| 9:39 | Create | Villager (Male) |
| 9:39 | Create | Villager (Male) |
| 9:41 | Build | Archery Range |
| 9:45 | Build | Archery Range |
| 9:52 | Create | Villager (Male) |
| 9:52 | Create | Villager (Male) |
| 10:00 | Research | Double-Bit Axe |
| 10:15 | Build | House |
| 10:26 | Create | Villager (Male) |
| 10:26 | Create | Villager (Male) |
| 10:29 | Build | Mill |
| 10:32 | Build | House |
| 10:33 | Create | Archer |
| 10:33 | Create | Archer |
| 10:33 | Create | Archer |
| 10:51 | Create | Archer |
| 10:52 | Create | Archer |
| 10:53 | Create | Archer |
| 10:53 | Create | Archer |
| 10:53 | Create | Archer |
| 11:01 | Build | House |
| 11:04 | Build | Palisade Wall |
| 11:07 | Create | Villager (Male) |
| 11:09 | Build | Palisade Wall |
| 11:13 | Create | Archer |
| 11:13 | Create | Archer |
| 11:28 | Create | Archer |
| 11:28 | Create | Archer |
| 11:35 | Build | Palisade Wall |
| 11:40 | Create | Villager (Male) |
| 11:40 | Create | Villager (Male) |
| 11:51 | Create | Archer |
| 11:51 | Create | Archer |
| 12:10 | Create | Villager (Male) |
| 12:23 | Build | Blacksmith |
| 12:45 | Create | Villager (Male) |
| 12:46 | Create | Villager (Male) |
| 12:46 | Create | Villager (Male) |
| 12:51 | Build | House |
| 12:55 | Build | Palisade Wall |
| 13:00 | Create | Archer |
| 13:00 | Create | Archer |
| 13:01 | Create | Archer |
| 13:17 | Build | House |
| 13:21 | Create | Villager (Male) |
| 13:21 | Create | Villager (Male) |
| 13:21 | Create | Villager (Male) |
| 13:38 | Create | Archer |
| 13:39 | Create | Archer |
| 13:49 | Research | Fletching |
| 14:16 | Create | Archer |
| 14:16 | Create | Archer |
| 14:16 | Create | Archer |
| 14:16 | Create | Villager (Male) |
| 14:33 | Create | Archer |
| 14:33 | Create | Archer |
| 14:33 | Create | Archer |
| 14:33 | Create | Villager (Male) |
| 14:44 | Create | Villager (Male) |
| 14:48 | Build | Farm |
| 14:48 | Build | Farm |
| 14:49 | Build | Farm |
| 14:49 | Build | Farm |
| 14:49 | Build | Farm |
| 14:49 | Build | Farm |
| 14:49 | Build | Farm |
| 15:00 | Research | Horse Collar |
| 15:00 | Research | Horse Collar |
| 15:00 | Research | Horse Collar |
| 15:23 | Create | Villager (Male) |
| 15:24 | Create | Villager (Male) |
| 15:24 | Create | Villager (Male) |
| 15:27 | Create | Archer |
| 15:27 | Create | Archer |
| 15:53 | Build | Palisade Wall |
| 15:56 | Create | Villager (Male) |
| 15:56 | Create | Villager (Male) |
| 15:56 | Create | Archer |
| 15:57 | Create | Archer |
| 15:57 | Create | Archer |
| 16:09 | Create | Villager (Male) |
| 16:10 | Create | Villager (Male) |
| 16:13 | Build | Farm |
| 16:28 | Create | Archer |
| 16:28 | Create | Archer |
| 16:29 | Create | Archer |
| 16:29 | Create | Villager (Male) |
| 16:48 | Create | Villager (Male) |
| 16:48 | Create | Villager (Male) |
| 16:50 | Create | Archer |
| 16:50 | Create | Archer |
| 16:50 | Create | Archer |
| 16:53 | Build | House |
| 17:28 | Create | Archer |
| 17:29 | Create | Archer |
| 17:29 | Create | Archer |
| 17:29 | Create | Villager (Male) |
Build order — King Destroyer
First 150 of 166 actions detected
| 0:02 | Create | Villager (Male) |
| 0:04 | Build | House |
| 0:05 | Build | House |
| 0:06 | Create | Villager (Male) |
| 0:25 | Create | Villager (Male) |
| 0:32 | Create | Villager (Male) |
| 1:07 | Create | Villager (Male) |
| 1:32 | Create | Villager (Male) |
| 1:35 | Build | Lumber Camp |
| 2:12 | Create | Villager (Male) |
| 2:17 | Build | House |
| 2:36 | Create | Villager (Male) |
| 2:52 | Build | House |
| 3:02 | Create | Villager (Male) |
| 3:58 | Build | Mill |
| 4:17 | Research | Loom |
| 4:41 | Create | Villager (Male) |
| 5:10 | Create | Villager (Male) |
| 5:21 | Create | Villager (Male) |
| 5:43 | Create | Villager (Male) |
| 5:50 | Build | House |
| 5:56 | Create | Villager (Male) |
| 6:02 | Create | Villager (Male) |
| 6:31 | Create | Villager (Male) |
| 6:59 | Create | Villager (Male) |
| 7:33 | Research | Feudal Age |
| 7:34 | Research | Feudal Age |
| 7:45 | Build | Barracks |
| 8:11 | Build | House |
| 8:25 | Build | Palisade Wall |
| 9:16 | Create | Villager (Male) |
| 9:46 | Age | Feudal Age |
| 9:49 | Research | Double-Bit Axe |
| 9:49 | Research | Double-Bit Axe |
| 9:50 | Research | Horse Collar |
| 9:50 | Research | Horse Collar |
| 9:50 | Research | Horse Collar |
| 10:03 | Create | Villager (Male) |
| 10:30 | Build | Stable |
| 10:54 | Build | Farm |
| 10:59 | Build | Farm |
| 11:04 | Create | Villager (Male) |
| 11:06 | Create | Villager (Male) |
| 11:10 | Build | House |
| 11:17 | Build | Palisade Wall |
| 11:19 | Build | Palisade Wall |
| 11:23 | Create | Scout Cavalry |
| 11:24 | Create | Scout Cavalry |
| 11:24 | Create | Scout Cavalry |
| 11:24 | Create | Scout Cavalry |
| 11:24 | Create | Scout Cavalry |
| 11:31 | Build | House |
| 11:44 | Build | Farm |
| 11:58 | Build | Palisade Wall |
| 12:12 | Build | Palisade Gate |
| 12:19 | Create | Villager (Male) |
| 12:20 | Create | Villager (Male) |
| 12:24 | Build | Farm |
| 12:39 | Build | Farm |
| 12:57 | Create | Scout Cavalry |
| 13:02 | Build | Farm |
| 13:09 | Build | Farm |
| 13:11 | Create | Villager (Male) |
| 13:17 | Create | Scout Cavalry |
| 14:02 | Build | Lumber Camp |
| 14:05 | Create | Scout Cavalry |
| 14:06 | Create | Scout Cavalry |
| 14:39 | Build | House |
| 14:46 | Create | Villager (Male) |
| 14:50 | Create | Scout Cavalry |
| 15:00 | Build | Mining Camp |
| 15:04 | Build | House |
| 15:06 | Create | Spearman |
| 15:21 | Create | Villager (Male) |
| 15:25 | Build | Blacksmith |
| 15:37 | Create | Spearman |
| 16:18 | Build | Farm |
| 16:24 | Build | Farm |
| 16:27 | Build | Farm |
| 16:27 | Build | Farm |
| 16:37 | Build | Farm |
| 16:45 | Build | Farm |
| 16:57 | Build | Farm |
| 17:06 | Build | Market |
| 17:25 | Research | Bloodlines |
| 17:25 | Research | Bloodlines |
| 17:32 | Research | Scale Barding Armor |
| 17:32 | Research | Scale Barding Armor |
| 18:00 | Create | Villager (Male) |
| 18:01 | Create | Villager (Male) |
| 18:20 | Create | Scout Cavalry |
| 18:35 | Build | Farm |
| 18:43 | Create | Scout Cavalry |
| 18:46 | Build | Lumber Camp |
| 19:09 | Create | Scout Cavalry |
| 19:20 | Build | Stable |
| 19:29 | Build | Farm |
| 19:29 | Build | Farm |
| 19:29 | Build | Farm |
| 19:30 | Build | Farm |
| 19:36 | Build | House |
| 19:39 | Build | House |
| 19:42 | Create | Scout Cavalry |
| 19:43 | Create | Scout Cavalry |
| 19:53 | Create | Villager (Male) |
| 19:54 | Create | Villager (Male) |
| 20:19 | Create | Villager (Male) |
| 20:25 | Create | Villager (Male) |
| 20:42 | Build | Farm |
| 20:42 | Build | Farm |
| 20:42 | Build | Farm |
| 20:43 | Build | Farm |
| 21:22 | Research | Castle Age |
| 21:23 | Research | Castle Age |
| 21:54 | Research | Forging |
| 22:15 | Create | Villager (Male) |
| 22:28 | Create | Villager (Male) |
| 22:30 | Create | Spearman |
| 22:31 | Create | Spearman |
| 23:06 | Research | Scale Mail Armor |
| 23:07 | Create | Spearman |
| 23:10 | Create | Spearman |
| 23:27 | Create | Villager (Male) |
| 24:02 | Age | Castle Age |
| 24:03 | Research | Chain Barding Armor |
| 24:06 | Research | Husbandry |
| 24:13 | Create | Camel Scout |
| 24:23 | Create | Camel Scout |
| 24:52 | Research | Gold Mining |
| 24:52 | Research | Gold Mining |
| 25:05 | Create | Villager (Male) |
| 25:15 | Create | Villager (Male) |
| 25:38 | Create | Camel Scout |
| 25:38 | Create | Camel Scout |
| 25:56 | Build | Town Center |
| 26:03 | Create | Camel Scout |
| 26:03 | Create | Camel Scout |
| 26:04 | Create | Camel Scout |
| 26:08 | Create | Camel Scout |
| 26:08 | Create | Camel Scout |
| 26:58 | Create | Camel Scout ×2 |
| 26:58 | Create | Camel Scout ×2 |
| 27:10 | Create | Camel Scout |
| 27:10 | Create | Camel Scout |
| 27:12 | Create | Villager (Male) |
| 27:12 | Create | Villager (Male) |
| 27:59 | Create | Camel Scout ×2 |
| 27:59 | Create | Camel Scout ×2 |
| 28:08 | Create | Villager (Male) |
| 28:08 | Create | Villager (Male) |
Match timeline
| 4:28 | Louisianamal · wall_segment Palisade Wall x1 |
| 6:03 | Louisianamal · first_building Barracks |
| 6:36 | SunK · first_building Barracks |
| 7:43 | Solusvod · first_building Barracks |
| 7:45 | King Destroyer · first_building Barracks |
| 7:57 | VNS_Duy · first_building Barracks |
| 8:12 | cff · wall_segment Palisade Wall x2 |
| 8:18 | Louisianamal · wall_segment Palisade Wall x4 |
| 8:23 | cff · wall_segment Palisade Wall x1 |
| 8:25 | King Destroyer · wall_segment Palisade Wall x4 |
| 8:46 | cff · first_building Barracks |
| 8:56 | VNS_Duy · age_up feudal |
| 9:03 | VNS_Duy · first_building Stable |
| 9:05 | cff · age_up feudal |
| 9:06 | cff · wall_segment Palisade Wall x4 |
| 9:07 | cff · wall_segment Palisade Wall x5 |
| 9:35 | cff · first_building Stable |
| 9:37 | Solusvod · age_up feudal |
| 9:41 | Solusvod · first_building Archery Range |
| 9:46 | King Destroyer · age_up feudal |
| 9:49 | SunK · age_up feudal |
| 9:59 | SunK · first_building Archery Range |
| 10:30 | King Destroyer · first_building Stable |
| 10:33 | cff · wall_segment Palisade Wall x6 |
| 11:04 | Solusvod · wall_segment Palisade Wall x3 |
| 11:09 | Solusvod · wall_segment Palisade Wall x13 |
| 11:17 | King Destroyer · wall_segment Palisade Wall x10 |
| 11:19 | King Destroyer · wall_segment Palisade Wall x6 |
| 11:35 | Solusvod · wall_segment Palisade Wall x7 |
| 11:47 | VNS_Duy · wall_segment Palisade Wall x11 |
| 11:53 | VNS_Duy · wall_segment Palisade Wall x10 |
| 11:58 | King Destroyer · wall_segment Palisade Wall x9 |
| 12:00 | Louisianamal · age_up feudal |
| 12:03 | Louisianamal · first_building Archery Range |
| 12:55 | Solusvod · wall_segment Palisade Wall x17 |
| 13:01 | SunK · wall_segment Palisade Wall x8 |
| 13:17 | cff · wall_segment Palisade Wall x1 |
| 13:19 | SunK · wall_segment Palisade Wall x1 |
| 13:21 | SunK · wall_segment Palisade Wall x1 |
| 13:32 | SunK · wall_segment Palisade Wall x1 |
| 13:44 | SunK · wall_segment Palisade Wall x1 |
| 13:46 | SunK · wall_segment Palisade Wall x1 |
| 13:51 | SunK · wall_segment Palisade Wall x1 |
| 13:52 | SunK · wall_segment Palisade Wall x1 |
| 13:54 | SunK · wall_segment Palisade Wall x1 |
| 13:56 | SunK · wall_segment Palisade Wall x1 |
| 14:12 | SunK · wall_segment Palisade Wall x9 |
| 14:36 | SunK · wall_segment Palisade Wall x1 |
| 14:57 | VNS_Duy · wall_segment Palisade Wall x1 |
| 15:07 | VNS_Duy · wall_segment Palisade Wall x3 |
| 15:11 | VNS_Duy · wall_segment Palisade Wall x4 |
| 15:14 | VNS_Duy · wall_segment Palisade Wall x3 |
| 15:14 | SunK · wall_segment Palisade Wall x2 |
| 15:16 | SunK · wall_segment Palisade Wall x2 |
| 15:23 | SunK · wall_segment Palisade Wall x4 |
| 15:46 | cff · wall_segment Stone Wall x1 |
| 15:53 | Solusvod · wall_segment Palisade Wall x10 |
| 15:57 | SunK · wall_segment Palisade Wall x14 |
| 16:31 | cff · first_building Archery Range |
| 19:43 | VNS_Duy · wall_segment Palisade Wall x5 |
| 19:49 | Louisianamal · wall_segment Palisade Wall x1 |
| 20:31 | King Destroyer · first_market_buy 100 food |
| 20:35 | VNS_Duy · age_up castle |
| 20:49 | SunK · wall_segment Palisade Wall x2 |
| 21:15 | King Destroyer · first_market_sell 100 stone |
| 23:12 | cff · first_market_buy 100 stone |
| 23:15 | cff · age_up castle |
| 23:26 | cff · first_building Siege Workshop |
| 23:54 | SunK · wall_segment Palisade Wall x1 |
| 24:02 | King Destroyer · age_up castle |
| 24:05 | Solusvod · age_up castle |
| 24:48 | SunK · age_up castle |
| 25:13 | Louisianamal · age_up castle |
| 25:27 | Solusvod · wall_segment Palisade Wall x2 |
| 31:16 | SunK · resign |
[ AI ANALYSIS · 1 CREDIT ]
What really happened in this match?
Wolo.gg analyzes every decision: build order, eco, micro, common mistakes by bracket. Personalized analysis on WhatsApp or Discord in 30 seconds.
Civ guide
Ethiopians
Perfil
SunK